 Dungeon Crawl Stone Soup version 0.14-a0-155-gd989017 (webtiles) character file.

17874 Leibowitz the Unseen (level 12, -1/73 HPs)
             Began as a Kobold Berserker on Oct 4, 2013.
             Was a High Priest of Trog.
             Slain by a blink frog (15 damage)
             ... on Level 5 of the Lair of Beasts.
             The game lasted 01:08:04 (16144 turns).

Leibowitz the Unseen (Kobold Berserker)            Turns: 16144, Time: 01:08:05

HP  -1/73        AC  5     Str 17 (19) XL: 12   Next: 76%
MP  18/18        EV 30     Int  5      God: Trog [*****.]
Gold 965         SH  0     Dex 18 (19) Spells:  0 memorised, 11 levels left

Res.Fire  : . . .   See Invis. : .   a - +1,+2 dagger (venom)
Res.Cold  : . . .   Warding    : .   w - +0 robe {MR+}
Life Prot.: . . .   Conserve   : .   (no shield)
Res.Poison: .       Res.Corr.  : .   (no helmet)
Res.Elec. : .       Clarity    : .   y - +0 cloak
Sust.Abil.: . .     Spirit.Shd : .   k - +1 pair of gauntlets
Res.Mut.  : .       Stasis     : .   (no boots)
Res.Rott. : .       Flight     : .   n - amulet of faith
Saprovore : + + .                    v - +3 ring of evasion
                                     u - +6,+5 ring of slaying

@: regenerating, extremely resistant to hostile enchantments, extraordinarily
stealthy
A: disease resistance, hooves 1, carnivore 3, deterioration 1, saprovore 2, Str
+2
a: Burn Spellbooks, Berserk, Trog's Hand, Brothers in Arms, Renounce Religion


You were on level 5 of the Lair of Beasts.
You worshipped Trog.
Trog was extremely pleased with you.
You were not hungry.

You visited 3 branches of the dungeon, and saw 18 of its levels.

You collected 945 gold pieces.

Inventory:

Hand weapons
 a - a +1,+2 dagger of venom (weapon)
 b - a +11 blowgun
 j - a +3,+1 dagger of holy wrath
 s - a +4,+1 elven sabre of protection
 K - a +3,+3 short sword of speed
Missiles
 A - 8 curare-tipped needles
Armour
 k - a +1 pair of gauntlets (worn)
 w - a +0 robe of magic resistance (worn)
 y - a +0 cloak (worn)
Magical devices
 c - a wand of enslavement (8)
 f - a wand of confusion (7)
 g - a wand of disintegration (7)
 p - a wand of flame (15)
 E - a wand of lightning (4)
 F - a wand of draining (9)
Comestibles
 z - a meat ration
Scrolls
 d - a scroll of teleportation
 e - 7 scrolls of identify
 h - 5 scrolls of remove curse
 i - 2 scrolls of fear
 B - a scroll of blinking
 C - a scroll of magic mapping
Jewellery
 n - an amulet of faith (around neck)
 o - an uncursed ring of teleportation
 t - an uncursed amulet of guardian spirit
 u - a +6,+5 ring of slaying (left hand)
 v - a +3 ring of evasion (right hand)
 H - an uncursed ring of positive energy
Potions
 m - 2 potions of speed
 q - 2 potions of brilliance
 r - 5 potions of curing
 x - 2 potions of might
 D - a potion of flight
 I - a potion of restore abilities
 J - a potion of heal wounds
Miscellaneous
 l - a phial of floods


   Skills:
 * Level 9.1 Fighting
 + Level 9.0 Short Blades
 - Level 1.5 Armour
 * Level 14.6 Dodging
 * Level 15.6 Stealth
 + Level 3.7 Evocations


You had 11 spell levels left.
You didn't know any spells.

Dungeon Overview and Level Annotations

Branches:
Dungeon (12/27)            Temple (1/1) D:5             Orc (0/4) D:11
   Lair (5/8) D:12
  Swamp: Lair:3-6    Shoals: Lair:3-6     Snake: Lair:3-6    Spider: Lair:3-6

Altars:
Ashenzari
Elyvilon
Fedhas
Okawaru
Vehumet
the Shining One

Portals:
Trove: D:10 (give 14 potions of heal wounds)

Annotations:
D:11 exclusion: ice statue


Innate Abilities, Weirdness & Mutations

You recuperate from illness quickly.
You are small and have problems with some larger weapons.
You are carnivorous and can eat meat at any time.
You can eat rotten meat.
You have large cloven feet.
Your body is slowly deteriorating.
Your muscles are strong. (Str +2)


Message History

You barely miss the griffon.
The griffon is heavily wounded.
The griffon closely misses you. The griffon misses you. The griffon claws you!
* * * LOW HITPOINT WARNING * * *
You hit the griffon. You kick the griffon.
The griffon is severely wounded.
The griffon misses you.
You hit the griffon. You kick the griffon.
The griffon is severely wounded.
Use which ability? (? or * to list)
Your skin crawls.
You feel resistant to hostile enchantments.
You feel slightly more hungry. The blink frog completely misses you.
The griffon bites you.
* * * LOW HITPOINT WARNING * * *
The griffon misses you. The griffon barely misses you.
Use which ability? (? or * to list)
Your stone giant goes berserk!
You feel somewhat more hungry. The blink frog hits you!
You die...

...............P#
......%.<........ .f
............$..... ...
S...............##f....
........f.......##P...P#
.................#..f.#
.....=............>...##
..>.....f.....PHFC.....#
..#....###...##@#.##...
#..... #..##### # #.....
#...# ....#. #....#
....# ##f... ..H ...##.
..... . ....


You could see a griffon, a blink frog and a friendly stone giant (berserk).

Vanquished Creatures
  Maud (Lair:3)
  Erolcha (D:8)
  The ghost of casual the Covert, an experienced OpTm of Cheibriados (D:7)
  Pikel (D:6)
  A hill giant (D:10)
  An oklob plant (Lair:1)
  Maurice (D:8)
  5 spiny frogs
  2 black mambas
  A fire drake (Lair:3)
  3 komodo dragons
  Sonja (D:11)
  A two-headed ogre (D:9)
  A blink frog (Lair:5)
  A wyvern (D:10)
  4 hippogriffs
  4 sharks (Lair:4)
  Eustachio (D:10)
  3 hungry ghosts (D:11)
  3 hill giant zombies (D:11)
  3 manticores (D:8)
  A steam dragon (D:9)
  A mottled dragon (D:11)
  2 porcupines (Lair:1)
  A yellow wasp (D:5)
  A sky beast (D:9)
  A phantom (D:11)
  A slave (D:6)
  2 ice beasts
  2 necrophages
  A black bear (D:6)
  4 orc warriors
  3 centaurs
  A crocodile (Lair:2)
  3 ogres
  2 giant slugs
  A warg (D:12)
  A gnoll sergeant (D:9)
  4 water moccasins
  5 agate snails
  7 giant frogs
  A komodo dragon skeleton (D:8)
  A manticore zombie (D:8)
  Blork the orc (D:8)
  4 troll zombies
  4 wights (D:8)
  8 jellyfish
  An electric eel (Lair:4)
  6 goliath beetles
  A giant frog zombie (D:8)
  A hippogriff skeleton (D:10)
  A jelly (D:10)
  5 hounds
  6 crimson imps
  6 orc priests
  3 iguanas
  3 scorpions
  5 orc wizards
  6 sheep (Lair:3)
  8 worker ants
  2 ogre zombies (D:11)
  An ogre skeleton (D:9)
  A hound skeleton (D:4)
  7 gnolls
  11 adders
  4 giant centipedes
  16 green rats
  3 giant mites
  5 worms
  5 giant geckos
  2 oozes
  20 orcs
  5 giant cockroaches
  10 goblins
  20 hobgoblins
  30 jackals
  10 kobolds
  13 quokkas
  23 bats
  11 giant newts
  A giant spore (D:8)
  2 goblin skeletons (D:11)
  2 goblin zombies (D:11)
  2 hobgoblin zombies (D:11)
  A kobold skeleton (D:4)
  4 orc skeletons
  18 orc zombies
  A quokka zombie (D:8)
  14 rats
  3 ballistomycetes
402 creatures vanquished.

Vanquished Creatures (collateral kills)
  A black mamba (Lair:3)
  A fire drake (Lair:3)
  A steam dragon (Lair:3)
  A mottled dragon (Lair:3)
  A jellyfish (Lair:3)
5 creatures vanquished.

Vanquished Creatures (others)
  2 slaves (D:6)
  A crimson imp (D:6)
  An orc priest (D:6)
  A hound (D:9)
  2 iguanas (D:8)
  A worker ant (D:7)
  4 orcs
  2 kobolds
  A quokka (D:6)
  A giant spore (D:9)
  A rat (D:7)
  A ballistomycete (D:8)
  A plant (Lair:4)
19 creatures vanquished.

Grand Total: 426 creatures vanquished

Notes
Turn   | Place    | Note
--------------------------------------------------------------
     0 | D:1      | Leibowitz, the Kobold Berserker, began the quest for the Orb.
     0 | D:1      | Reached XP level 1. HP: 14/14 MP: 0/0
   335 | D:1      | Reached XP level 2. HP: 17/19 MP: 1/1
   420 | D:1      | Reached skill level 1 in Stealth
   615 | D:1      | Acquired Trog's second power
   688 | D:1      | Reached XP level 3. HP: 11/24 MP: 2/2
   958 | D:2      | Found a shattered altar of Ashenzari.
  1526 | D:3      | Reached XP level 4. HP: 25/28 MP: 3/3
  2151 | D:3      | Found a white marble altar of Elyvilon.
  2152 | D:3      | Found a radiant altar of Vehumet.
  2304 | D:3      | Reached XP level 5. HP: 13/33 MP: 4/4
  2815 | D:4      | Noticed an ogre
  2827 | D:4      | Killed an ogre
  2827 | D:4      | Reached skill level 5 in Dodging
  2827 | D:4      | Reached XP level 6. HP: 29/39 MP: 5/5
  3047 | D:4      | Acquired Trog's third power
  3344 | D:4      | Reached skill level 5 in Short Blades
  3930 | D:4      | Reached skill level 6 in Dodging
  4041 | D:5      | Entered Level 5 of the Dungeon
  4365 | D:5      | Found a staircase to the Ecumenical Temple.
  4375 | Temple   | Entered the Ecumenical Temple
  4529 | D:5      | Reached XP level 7. HP: 43/43 MP: 6/6
  4590 | D:5      | Noticed a yellow wasp
  4596 | D:5      | Killed a yellow wasp
  4852 | D:6      | Noticed Pikel
  4891 | D:6      | Killed Pikel
  4891 | D:6      | Reached skill level 5 in Fighting
  4891 | D:6      | Reached skill level 8 in Dodging
  4891 | D:6      | Reached XP level 8. HP: 14/49 MP: 7/7
  6176 | D:7      | Noticed casual's ghost (experienced OpTm)
  6261 | D:7      | Killed casual's ghost
  6261 | D:7      | Reached skill level 9 in Dodging
  6261 | D:7      | Reached skill level 1 in Evocations
  6261 | D:7      | Reached XP level 9. HP: 54/54 MP: 7/9
  7099 | D:8      | Reached skill level 10 in Dodging
  7199 | D:8      | Reached XP level 10. HP: 60/60 MP: 12/12
  7460 | D:8      | Reached skill level 10 in Stealth
  7652 | D:8      | Noticed Maurice
  7654 | D:8      | Killed Maurice
  7654 | D:8      | Reached skill level 11 in Dodging
  7903 | D:8      | Gained mutation: You have large cloven feet. [potion of mutation]
  7903 | D:8      | Gained mutation: Your muscles are strong. (Str +2) [potion of mutation]
  7903 | D:8      | Gained mutation: Your body is slowly deteriorating. [potion of mutation]
  7904 | D:8      | Paralysed by a potion of paralysis for 5 turns
  8125 | D:8      | Noticed Erolcha
  8142 | D:8      | Noticed Blork the orc
  8145 | D:8      | Killed Erolcha
  8145 | D:8      | Received a gift from Trog
  8156 | D:8      | Killed Blork the orc
  8480 | D:9      | Found a glowing golden altar of the Shining One.
  8641 | D:9      | Reached skill level 12 in Dodging
  8740 | D:9      | Reached XP level 11. HP: 66/66 MP: 15/15
  8917 | D:10     | Entered Level 10 of the Dungeon
  8959 | D:10     | Found a portal to a secret trove of treasure.
  8962 | D:10     | Found an iron altar of Okawaru.
  9112 | D:10     | Noticed Eustachio
  9128 | D:10     | Killed Eustachio
  9203 | D:10     | Received a gift from Trog
  9363 | D:10     | Noticed a hill giant
  9371 | D:10     | Killed a hill giant
  9736 | D:11     | Found a staircase to the Orcish Mines.
  9793 | D:11     | Noticed Sonja
  9803 | D:11     | Killed Sonja
 10234 | D:11     | Reached skill level 13 in Dodging
 10546 | D:11     | Noticed an ice statue
 11171 | D:12     | Found a staircase to the Lair.
 11366 | Lair:1   | Entered Level 1 of the Lair of Beasts
 11392 | Lair:1   | Received a gift from Trog
 11488 | Lair:1   | Found a white marble altar of Elyvilon.
 11488 | Lair:1   | Noticed an oklob plant
 11496 | Lair:1   | Killed an oklob plant
 12788 | Lair:2   | Reached skill level 14 in Stealth
 12788 | Lair:2   | Reached XP level 12. HP: 72/72 MP: 18/18
 12922 | Lair:2   | Received a gift from Trog
 13778 | Lair:3   | Noticed Maud
 13806 | Lair:3   | Killed Maud
 13806 | Lair:3   | Reached skill level 15 in Stealth
 14875 | Lair:4   | Received a gift from Trog
 16144 | Lair:5   | Slain by a blink frog

Action                   |  1- 3 |  4- 6 |  7- 9 | 10-12 || total
-------------------------+-------+-------+-------+-------++-------
Melee: Dagger            |   194 |   253 |   238 |   816 ||  1501
       Short sword       |     1 |       |       |    13 ||    14
       Sabre             |       |       |       |    57 ||    57
Invok: Berserk           |       |     5 |     5 |     5 ||    15
       Burn Spellbooks   |       |     1 |     1 |     1 ||     3
       Trog's Hand       |       |       |     2 |     2 ||     4
       Brothers in Arms  |       |       |       |     2 ||     2
Evoke: Wand              |       |     2 |     8 |    17 ||    27
  Use: Potion            |     3 |     4 |     4 |    10 ||    21
       Scroll            |       |       |    17 |     6 ||    23
 Stab: Sleeping          |     1 |     7 |    10 |    54 ||    72
       Invisible         |       |       |       |     3 ||     3
       Distracted        |       |       |       |     1 ||     1
